 Dungeon Crawl Stone Soup version 0.23.2-1-ga50397a (webtiles) character file.

Game seed: 16050592379401775946

287 Fang the Skirmisher (level 6, -8/40 HPs)
             Began as a Gargoyle Berserker on May 30, 2019.
             Was a Believer of Trog.
             Mangled by Edmund
             ... wielding a +2 flail of crushing
              (11 damage)
             ... on level 4 of the Dungeon.
             The game lasted 00:02:34 (3092 turns).

Fang the Skirmisher (Gargoyle Berserker)            Turns: 3092, Time: 00:02:36

Health: -8/40      AC:  7    Str: 23    XL:     6   Next: 30%
Magic:  0/6        EV: 12    Int:  7    God:    Trog [**....]
Gold:   219        SH:  0    Dex:  9    Spells: 5/5 levels left

rFire    . . .     SeeInvis .   a - +0 war axe
rCold    . . .     Gourm    .   (no shield)
rNeg     + . .     Faith    .   b - +0 animal skin
rPois    ∞         Spirit   +   (helmet restricted)
rElec    +         Reflect  .   (no cloak)
rCorr    .         Harm     .   (no gloves)
MR       ++...     Clarity  +   (no boots)
Stlth    +.........             s - amulet of guardian spirit
HPRegen  1.13/turn              (no ring)
MPRegen  0.10/turn              (no ring)

@: berserk cooldown, regenerating, slowed, very slow
A: horns 1, rugged brown scales 1, clarity, negative energy resistance 1,
electricity resistance, unbreathing, evolution 1, petrification resistance, rot
immunity, AC +4
a: Berserk, Trog's Hand, Renounce Religion


You were on level 4 of the Dungeon.
You worshipped Trog.
Trog was pleased with you.
You were hungry.

You visited 1 branch of the dungeon, and saw 4 of its levels.

You collected 219 gold pieces.

Inventory:

Hand Weapons
 a - a +0 war axe (weapon)
Armour
 b - a +0 animal skin (worn)
Jewellery
 s - an amulet of guardian spirit (around neck)
Wands
 k - a wand of iceblast (10)
 n - a wand of disintegration (15)
Scrolls
 d - 2 scrolls of enchant weapon {unknown}
 e - 5 scrolls of amnesia {unknown}
 f - 2 scrolls of remove curse {unknown}
 g - 4 scrolls of teleportation {unknown}
 l - 6 scrolls of identify {unknown}
 o - a scroll of enchant armour {unknown}
 q - a scroll of immolation {unknown}
Potions
 h - a potion of flight {unknown}
 i - a potion of might {unknown}
 j - a potion of agility {unknown}
 m - a potion of mutation
 p - a potion of degeneration {unknown}
 r - a potion of berserk rage {unknown}
 t - 2 potions of curing
 v - a potion of magic {unknown}
Comestibles
 c - 6 rations


   Skills:
 + Level 4.6 Fighting
 + Level 3.8 Axes
 + Level 4.0 Armour
 + Level 2.9 Dodging


You had 5 spell levels left.
You didn't know any spells.
Your spell library was empty.

Dungeon Overview and Level Annotations

Branches:
Dungeon (4/15)
 Temple: D:4-7

Altars:
Dithmenos
Elyvilon
Nemelex Xobeh
Okawaru
Zin

Annotations:
D:4 Edmund


Innate Abilities, Weirdness & Mutations

You are resistant to torment.
Your stone body is resilient. (AC +4)
You are immune to poison.
You resist negative energy. (rN+)
You are resistant to electric shocks. (rElec)
You can survive without breathing.
You are immune to petrification.
You are immune to rotting.
You have a pair of small horns on your head.
You are partially covered in rugged brown scales. (AC +1, +3% HP)
You possess an exceptional clarity of mind.
You evolve.


Message History

You feel the effects of Trog's Hand fading.
Edmund closely misses you.
Edmund hits you with a +2 flail of crushing.
Edmund misses you. Edmund barely misses you.
Your skin stops crawling.
You feel less resistant to hostile enchantments.
The phantom blinks!
Edmund closely misses you.
Edmund hits you with a +2 flail of crushing!
* * * LOW HITPOINT WARNING * * *
x2 Your skin crawls.
You feel resistant to hostile enchantments.
You are feeling hungry.
Trog will no longer gift you ammunition.
The phantom hits you.
* * * LOW HITPOINT WARNING * * *
The phantom blinks!
Edmund hits you with a +2 flail of crushing!
You die...

#.# #.# #>###'## #.#
####.##...####.#
#.....÷.....##.#
#.#####...#.##.####
#.................
#..####.###.##.#.#
#..####.###.##.#.#
#.............@@.# .
#..##.###.##.#§#.##..
#..............#...
#..##.#.##.#.#.#.##..
#..##.......W#..[# .#
#.....#.#......#[##..#
##.##.#......#.#.....#
#.##...#........##
#.##.#.#.#.##.#.##..#


You could see Edmund and a phantom.

Vanquished Creatures
  A howler monkey (D:4)
  A worker ant (D:4)
  2 orc wizards (D:3)
  2 hound skeletons (D:4)
  5 adders
  2 oozes
  2 worms
  3 dart slugs
  3 leopard geckos
  14 orcs (D:3)
  4 bats
  4 giant cockroaches
  4 goblins
  4 hobgoblins
  2 quokkas
  3 frilled lizards
  10 kobolds
  6 rats
72 creatures vanquished.

Notes
Turn   | Place    | Note
-------+----------+-------------------------------------------
     0 | D:1      | Fang the Gargoyle Berserker began the quest for the Orb.
     0 | D:1      | Reached XP level 1. HP: 14/14 MP: 1/1
    62 | D:1      | Reached XP level 2. HP: 19/19 MP: 2/2
   285 | D:1      | Reached XP level 3. HP: 23/23 MP: 3/3
   453 | D:2      | Reached ** piety under Trog
   715 | D:2      | Reached XP level 4. HP: 17/29 MP: 4/4
  1738 | D:3      | Reached XP level 5. HP: 18/33 MP: 5/5
  2319 | D:3      | Found a sparkling altar of Nemelex Xobeh.
  2319 | D:3      | Found an iron altar of Okawaru.
  2320 | D:3      | Found a shadowy altar of Dithmenos.
  2321 | D:3      | Found a white marble altar of Elyvilon.
  2323 | D:3      | Found a glowing silver altar of Zin.
  2668 | D:3      | Found a faded altar of an unknown god.
  2892 | D:4      | Reached XP level 6. HP: 25/39 MP: 4/6
  2915 | D:4      | Reached *** piety under Trog
  3061 | D:4      | Noticed a phantom
  3069 | D:4      | Noticed Edmund
  3082 | D:4      | Gained mutation: You possess an exceptional clarity of
                  | mind. [potion of mutation]
  3082 | D:4      | Gained mutation: You evolve. [potion of mutation]
  3082 | D:4      | Gained mutation: You have a pair of small horns on your
                  | head. [potion of mutation]
  3082 | D:4      | Gained mutation: You are partially covered in rugged brown
                  | scales. (AC +1, +3% HP) [potion of mutation]
  3092 | D:4      | Mangled by Edmund

Skill      XL: |  1  2  3  4  5  6 |
---------------+-------------------+-----
Axes           | 3 |  3.8
Dodging        | 2 |  2.9
Armour         | 3 4 |  4.0
Fighting       | 4 |  4.6

Action                   |  1- 3 |  4- 6 || total
-------------------------+-------+-------++-------
Melee: Hand axe          |    78 |   110 ||   188
       War axe           |       |   104 ||   104
Invok: Berserk           |     1 |     3 ||     4
       Trog's Hand       |       |     2 ||     2
  Use: Potion            |       |     2 ||     2
  Eat: Chunk             |       |    11 ||    11
Armor: Animal skin       |    34 |    79 ||   113
Dodge: Dodged            |    60 |   146 ||   206
